 Dungeon Crawl Stone Soup version 0.29-a0-364-g921d912d32 (webtiles) character file.

Game seed: 2250055031692781003

68185 ptdevnull the Bludgeoner (level 15, -4/96 HPs)
             Began as a Gargoyle Fighter on May 1, 2022.
             Was an Elder of Qazlal.
             Killed from afar by a hell knight (19 damage)
             ... with a bolt of fire
             ... on level 12 of the Dungeon.
             The game lasted 00:45:00 (20985 turns).

ptdevnull the Bludgeoner (Gargoyle Fighter)        Turns: 20985, Time: 00:45:02

Health: -4/96      AC: 37    Str: 30    XL:     15   Next: 25%
Magic:  0/33       EV: 13    Int: 11    God:    Qazlal [****..]
Gold:   1286       SH:  5    Dex:  9    Spells: 14/14 levels left

rFire   . . .      SeeInvis +   j - +4 battleaxe (venom)
rCold   + . .      Faith    .   (shield currently unavailable)
rNeg    + . .      Spirit   +   s - +4 chain mail "Cufroad" {rC+ Str+3 Int-3}
rPois   ∞          Reflect  .   K - +3 hat of Pondering {ponderous, Will+ MP+10 Int+5}
rElec   +          Harm     .   f - +2 cloak
rCorr   .          Rampage  .   r - +0 pair of gloves
Will    ++...                   M - +0 pair of boots
Stlth   ..........              B - amulet of guardian spirit
HPRegen 0.26/turn               z - +4 ring of evasion
MPRegen 0.23/turn               I - ring of see invisible

@: flying, repel missiles, slow
A: sickness immunity, AC +11, big wings, negative energy resistance 1,
electricity resistance, torment resistance 1, petrification resistance
a: Renounce Religion, Upheaval, Elemental Force


You were on level 12 of the Dungeon.
You worshipped Qazlal.
Qazlal was greatly pleased with you.
You visited 2 branches of the dungeon, and saw 18 of its levels.
You also visited: Ossuary.

You collected 1286 gold pieces.

Inventory:

Hand Weapons
 j - a +4 battleaxe of venom (weapon)
 S - a +3 demon trident of pain
 Z - the +6 whip of Neurosis {vorpal, rF+ MP+9 Int-2 Dex+2}
   (You found it on level 6 of the Lair of Beasts)

   It inflicts extra damage upon your enemies.
   Int:       It affects your intelligence (-2).
   Dex:       It affects your dexterity (+2).
   rF:        It protects you from fire.
   MP:        It affects your magic capacity (+9).
Missiles
 G - 2 throwing nets (quivered)
Armour
 c - a +1 buckler
 f - a +2 cloak (worn)
 r - a +0 pair of gloves (worn)
 s - the +4 chain mail "Cufroad" (worn) {rC+ Str+3 Int-3}
   (You found it on level 4 of the Dungeon)

   Str:       It affects your strength (+3).
   Int:       It affects your intelligence (-3).
   rC:        It protects you from cold.
 K - the +3 hat of Pondering (worn) {ponderous, Will+ MP+10 Int+5}
   (You took it off Gastronok on level 10 of the Dungeon)

   Int:       It affects your intelligence (+5).
   MP:        It affects your magic capacity (+10).
   Will:      It increases your willpower.
 L - a +0 crystal plate armour
 M - a +0 pair of boots (worn)
Jewellery
 b - a +6 ring of strength
 y - a ring of positive energy
 z - a +4 ring of evasion (left hand)
 B - an amulet of guardian spirit (around neck)
 I - a ring of see invisible (right hand)
Wands
 k - a wand of polymorph (17)
 P - a wand of charming (6)
 Q - a wand of flame (7)
 R - a wand of iceblast (4)
 T - a wand of acid (2)
Scrolls
 a - 8 scrolls of identify
 g - a scroll of brand weapon {unknown}
 h - 2 scrolls of enchant armour
 m - 2 scrolls of enchant weapon
 n - a scroll of silence {unknown}
 o - 4 scrolls of immolation
 p - 7 scrolls of teleportation
 t - 5 scrolls of vulnerability
 v - 2 scrolls of fear {unknown}
 w - 3 scrolls of blinking {unknown}
 C - 4 scrolls of fog {unknown}
 D - a scroll of noise {unknown}
 F - a scroll of amnesia
 H - 2 scrolls of magic mapping {unknown}
 N - a scroll of acquirement {unknown}
 U - a scroll of summoning
Potions
 d - 3 potions of resistance
 e - 4 potions of heal wounds
 i - a potion of might
 l - 4 potions of lignification
 q - 3 potions of cancellation {unknown}
 u - 3 potions of magic
 x - 5 potions of mutation {unknown}
 A - 13 potions of curing
 E - 4 potions of berserk rage {unknown}
 J - 4 potions of haste {unknown}
 O - 3 potions of brilliance {unknown}
 W - 3 potions of attraction {unknown}
 X - 5 potions of flight
Miscellaneous
 V - a phial of floods


   Skills:
 + Level 12.3 Fighting
 * Level 16.7 Maces & Flails
 + Level 12.2 Armour
 + Level 12.3 Shields
 + Level 10.9 Invocations


You had 14 spell levels left.
You didn't know any spells.
Your spell library contained the following spells:

 Spells                   Type           Power      Damage    Failure   Level
 Apportation              Tloc           0%         N/A       77%         1
 Foxfire                  Conj/Fire      0%         2x1d4     77%         1
 Sandblast                Erth           0%         2d4       77%         1
 Shock                    Conj/Air       0%         1d3       77%         1
 Corpse Rot               Necr/Air       0%         N/A       88%         2
 Passwall                 Tmut/Erth      0%         N/A       88%         2
 Poisonous Vapours        Pois/Air       0%         N/A       88%         2
 Static Discharge         Conj/Air       0%         N/A       88%         2
 Call Canine Familiar     Summ           0%         N/A       98%         3
 Conjure Flame            Conj/Fire      0%         6-21      98%         3
 Gell's Gravitas          Tloc           0%         N/A       98%         3
 Inner Flame              Hex/Fire       0%         N/A       98%         3
 Lesser Beckoning         Tloc           0%         N/A       98%         3
 Ozocubu's Armour         Ice            0%         N/A       98%         3
 Portal Projectile        Hex/Tloc       0%         N/A       98%         3
 Stone Arrow              Conj/Erth      0%         3d7       98%         3
 Teleport Other           Tloc           0%         N/A       98%         3
 Flame Wave               Conj/Fire      0%         2d4       100%        4
 Leda's Liquefaction      Hex/Erth       0%         N/A       100%        4
 Alistair's Intoxication  Tmut/Pois      0%         N/A       100%        5
 Fireball                 Conj/Fire      0%         3d3       100%        5
 Metabolic Englaciation   Hex/Ice        0%         N/A       100%        5
 Simulacrum               Ice/Necr       0%         N/A       100%        6
 Starburst                Conj/Fire      0%         6d3       100%        6
 Storm Form               Tmut/Air       0%         N/A       100%        7
 Ignition                 Fire           0%         3d3       100%        8


Dungeon Overview and Level Annotations

Branches:
Dungeon (12/15)            Temple (0/1) D:5            Lair (6/6) D:10
  Swamp (0/4) Lair:2       Spider (0/4) Lair:3        Slime (0/5) Lair:5
    Orc (0/2) D:12        Ossuary (visited)

Altars:
Cheibriados
Elyvilon
Gozag
Kikubaaqudgha
Makhleb
Okawaru
Qazlal
Vehumet
Wu Jian
Yredelemnul

Annotations:
Lair:5 exclusion: oklob plant


Innate Abilities, Weirdness & Mutations

You are immune to sickness and miasma.
Your stone body is resilient. (AC +11)
You are immune to poison.
Your large and strong wings let you fly.
You resist negative energy. (rN+)
You are resistant to electric shocks. (rElec)
You are resistant to unholy torment.
You are immune to petrification.


Message History

The hell knight looks as sick as possible!
The hell knight is severely wounded.
You barely miss the hell knight.
The hell knight hits you with a +2 great mace.
* * * LOW HITPOINT WARNING * * *
You block the hell knight's attack. The hell knight closely misses you.
You slice the hell knight!!
You kill the hell knight!
Qazlal accepts your kill.
You hit the hell knight but do no damage.
The hell knight looks as sick as possible!
The hell knight hits you with a +2 great mace!
* * * LOW HITPOINT WARNING * * *
The hell knight hits you but does no damage.
You slash the hell knight!
The hell knight looks as sick as possible!
The hell knight is heavily wounded.
The hell knight hits you with a +2 great mace!
* * * LOW HITPOINT WARNING * * *
The hell knight closely misses you.
Unknown command.
You feel much better.
The hell knight invokes the aid of its god against you.
The bolt of fire misses you.
You barely miss the hell knight.
The hell knight is heavily wounded.
The hell knight hits you but does no damage. x2
You slash the hell knight!
The hell knight looks as sick as possible!
The hell knight is almost dead.
The hell knight hits you with a +2 great mace!!
* * * LOW HITPOINT WARNING * * *
The hell knight barely misses you.
You completely miss the hell knight.
The hell knight is almost dead.
The hell knight mumbles some strange prayers to its god.
The hell knight blinks!
The hell knight invokes the aid of its god against you.
The bolt of fire hits you!!
You die...

#............................#
#.............#############..#
..........###.#...........#..#
........#.# #.#.#########.#..#
##..#.#...###.#.#... #.#..#
#..#.#.#.....#.#.# #[#..#
###.#.#.####..#p○.# #.#..#
...>#.#.# #..#.≈§# #<#..#
##.##.#.# #..#.@)# #.#..#
#.##.#.# ##.#.#)# #.#..#
#.##.#.# #.#.#... #.#..#
#.##.#.# #.#.#########.#..#
#......# #.#..)........#..#
#####.### #.####≈≈≈≈≈####.##
......# #...............#
####### #################


You could see a hell knight (fast, extremely poisoned).

Vanquished Creatures
  Gastronok (D:10)
  Josephine (D:12)
  Harold (D:9)
  A merfolk avatar (Lair:6)
  4 boulder beetles
  2 hydras
  7 two-headed ogres
  A catoblepas (Lair:6)
  A death yak (Lair:6)
  Nergalle (Lair:4)
  Urug (D:12)
  6 hell knights (D:12)
  4 sea snakes
  3 harpies
  A wolf spider (D:10)
  A will-o-the-wisp (Lair:4)
  A cyclops (D:12)
  15 elephants
  Maurice (D:9)
  7 black mambas
  A torpor snail (Lair:3)
  2 gargoyles
  7 cane toads
  11 komodo dragons
  2 unseen horrors (D:11)
  4 yaktaurs (D:12)
  2 rime drakes (Lair:5)
  2 kobold demonologists (D:11)
  Psyche (D:11)
  3 trolls
  8 polar bears
  A tarantella (shapeshifter) (D:11)
  A wind drake (Lair:5)
  16 blink frogs
  15 dream sheep
  3 shadows
  5 fire bats (Lair:5)
  3 wraiths (D:12)
  5 wyverns
  55 yaks
  A human (D:12)
  4 basilisks
  Grum (D:8)
  3 steam dragons
  13 vampire mosquitoes
  Menkaure (D:7)
  A warg (D:12)
  16 water moccasins
  7 hell hounds (D:12)
  2 orc warriors
  A sky beast (D:7)
  2 black bears
  A tengu (D:12)
  An ogre (D:5)
  2 ice beasts
  10 wolves
  3 centaurs
  A phantom (D:6)
  4 kobold brigands
  12 bullfrogs
  A gnoll sergeant (D:10)
  13 scorpions
  6 wights
  8 killer bees
  A howler monkey (D:10)
  An electric eel (Lair:2)
  6 centaur zombies (Ossuary)
  A crimson imp (D:6)
  A hound (D:4)
  2 jellies
  4 orc priests
  4 orc wizards
  4 scorpion zombies (Ossuary)
  An iguana (D:7)
  4 hell rats (Lair:6)
  3 mummies (Ossuary)
  4 gnolls
  7 adders
  A shadow imp (D:7)
  2 white imps
  5 ufetubi
  3 dart slugs
  30 orcs
  5 ball pythons
  3 endoplasms
  3 giant cockroaches
  2 gnoll zombies (Ossuary)
  5 goblins
  6 hobgoblins
  6 jackals (D:1)
  3 quokkas
  5 bats
  2 goblin zombies (Ossuary)
  2 hobgoblin zombies (Ossuary)
  17 kobolds
  4 kobold zombies (Ossuary)
  4 rats
  A spectral hobgoblin (D:3)
473 creatures vanquished.

Vanquished Creatures (collateral kills)
  Rupert (D:12)
  3 fire bats (Lair:5)
  A hound (D:5)
5 creatures vanquished.

Vanquished Creatures (others)
  A yaktaur (D:12)
  2 foxfires (Lair:4)
  32 fungi
  59 plants
94 creatures vanquished.

Grand Total: 572 creatures vanquished

Notes
Turn   | Place    | Note
-------+----------+-------------------------------------------
     0 | D:1      | ptdevnull the Gargoyle Fighter began the quest for the Orb.
     0 | D:1      | Reached XP level 1. HP: 14/14 MP: 1/1
    45 | D:1      | Reached XP level 2. HP: 9/19 MP: 2/2
   586 | D:1      | Reached XP level 3. HP: 20/23 MP: 3/3
  1141 | D:2      | Reached skill level 3 in Maces & Flails
  1283 | D:2      | Reached XP level 4. HP: 29/29 MP: 4/4
  1960 | D:3      | Found a faded altar of an unknown god.
  2379 | D:4      | Found a stormy altar of Qazlal.
  2403 | D:4      | Identified the +4 chain mail "Cufroad" {rC+ Str+3 Int-3}
  2509 | D:4      | Reached XP level 5. HP: 33/33 MP: 5/5
  2589 | D:4      | Reached skill level 4 in Maces & Flails
  2589 | D:4      | Reached XP level 6. HP: 11/39 MP: 6/6
  2879 | D:4      | Found an ancient bone altar of Kikubaaqudgha.
  3313 | D:5      | Entered Level 5 of the Dungeon
  3313 | D:5      | Noticed an ice beast
  3512 | D:5      | Noticed a water moccasin
  3538 | D:5      | Killed a water moccasin
  3539 | D:5      | Reached skill level 5 in Maces & Flails
  3539 | D:5      | Reached XP level 7. HP: 24/44 MP: 7/7
  3544 | D:5      | Reached skill level 5 in Fighting
  3682 | D:5      | Found a snail-covered altar of Cheibriados.
  3715 | D:5      | Found an opulent altar of Gozag.
  3737 | D:5      | Reached skill level 5 in Armour
  3737 | D:5      | Reached skill level 5 in Shields
  3858 | D:5      | Found a sand-covered staircase.
  3863 | Ossuary  | Entered an ossuary
  3918 | Ossuary  | Reached XP level 8. HP: 46/50 MP: 8/8
  3964 | Ossuary  | Reached skill level 6 in Maces & Flails
  4287 | Ossuary  | Reached skill level 7 in Maces & Flails
  4736 | D:4      | Became a worshipper of Qazlal Stormbringer
  4851 | D:5      | Found a staircase to the Ecumenical Temple.
  4921 | D:5      | Found an iron altar of Okawaru.
  4952 | D:6      | Reached XP level 9. HP: 56/56 MP: 9/9
  5921 | D:6      | Reached skill level 8 in Maces & Flails
  6054 | D:7      | Reached * piety under Qazlal
  6562 | D:7      | Noticed Menkaure
  6576 | D:7      | Killed Menkaure
  6913 | D:8      | Noticed Grum
  6936 | D:8      | Reached skill level 9 in Maces & Flails
  6936 | D:8      | Reached XP level 10. HP: 21/63 MP: 3/10
  6936 | D:8      | Killed Grum
  7481 | D:8      | Reached ** piety under Qazlal
  7780 | D:9      | Noticed Harold
  7860 | D:9      | Killed Harold
  7996 | D:9      | Noticed a two-headed ogre
  8004 | D:9      | Killed a two-headed ogre
  8005 | D:9      | Reached skill level 10 in Maces & Flails
  8294 | D:9      | Reached skill level 1 in Invocations
  8323 | D:9      | Found a radiant altar of Vehumet.
  8364 | D:9      | Found an ornate altar of the Wu Jian Council.
  8380 | D:9      | Noticed Maurice
  8408 | D:9      | Killed Maurice
  8576 | D:9      | Found a white marble altar of Elyvilon.
  8576 | D:9      | Found a burning altar of Makhleb.
  8892 | D:9      | Reached XP level 11. HP: 65/69 MP: 11/13
  8919 | D:9      | Noticed a two-headed ogre
  8931 | D:9      | Killed a two-headed ogre
  9138 | D:10     | Entered Level 10 of the Dungeon
  9138 | D:10     | Noticed a two-headed ogre
  9153 | D:10     | Killed a two-headed ogre
  9440 | D:10     | Found a staircase to the Lair.
  9610 | D:10     | Noticed a two-headed ogre
  9627 | D:10     | Killed a two-headed ogre
  9628 | D:10     | Reached skill level 11 in Maces & Flails
  9653 | D:10     | Noticed a wolf spider
  9676 | D:10     | Killed a wolf spider
  9677 | D:10     | Reached skill level 5 in Invocations
  9728 | D:10     | Noticed Gastronok
  9795 | D:10     | Killed Gastronok
 10624 | D:10     | Found a basalt altar of Yredelemnul.
 10814 | Lair:1   | Entered Level 1 of the Lair of Beasts
 11045 | Lair:1   | Noticed a four-headed hydra
 11058 | Lair:1   | Killed a four-headed hydra
 11059 | Lair:1   | Reached XP level 12. HP: 54/76 MP: 16/16
 12195 | Lair:2   | Reached skill level 12 in Maces & Flails
 12361 | Lair:2   | Reached *** piety under Qazlal
 12507 | Lair:2   | Reached skill level 10 in Fighting
 12513 | Lair:2   | Found a staircase to the Swamp.
 12587 | Lair:3   | Reached skill level 10 in Shields
 12720 | Lair:3   | Reached skill level 10 in Armour
 12902 | Lair:3   | Found a hole to the Spider Nest.
 12995 | Lair:3   | Reached skill level 13 in Maces & Flails
 13167 | Lair:3   | Reached **** piety under Qazlal
 13240 | Lair:3   | Reached XP level 13. HP: 75/82 MP: 19/19
 13271 | Lair:3   | Reached skill level 14 in Maces & Flails
 13713 | Lair:4   | Got the Almanac of Cankerous Flight
 14297 | Lair:4   | Noticed Nergalle
 14331 | Lair:4   | Killed Nergalle
 16140 | Lair:5   | Found a staircase to the Slime Pits.
 16439 | Lair:6   | Entered Level 6 of the Lair of Beasts
 16449 | Lair:6   | Reached skill level 15 in Maces & Flails
 16556 | Lair:5   | Gained mutation: Your large and strong wings let you fly.
                  | [Gargoyle growth]
 16556 | Lair:5   | Reached XP level 14. HP: 24/90 MP: 19/21
 17495 | Lair:6   | Reached ***** piety under Qazlal
 17621 | Lair:6   | Reached skill level 10 in Invocations
 17856 | Lair:6   | Found the +7 captain's cutlass {speed, disarm}
 17860 | Lair:6   | Identified the +6 whip of Neurosis {vorpal, rF+ MP+9 Int-2
                  | Dex+2}
 18663 | D:11     | Noticed Psyche
 18672 | D:11     | Killed Psyche
 18715 | D:11     | Reached skill level 16 in Maces & Flails
 19548 | D:12     | Noticed Josephine
 19582 | D:12     | Killed Josephine
 19678 | D:12     | Noticed Rupert
 19693 | D:12     | Killed Rupert
 19787 | D:12     | Noticed Urug
 19811 | D:12     | Reached XP level 15. HP: 56/96 MP: 22/22
 19811 | D:12     | Killed Urug
 20052 | D:12     | Found a staircase to the Orcish Mines.
 20981 | D:12     | HP: 4/96 [hell knight/+2 great mace (13)]
 20985 | D:12     | Killed from afar by a hell knight

Illustrated notes

Levels and vault maps discovered:
D:1:      nzn_arrival_settlement, layout_rooms
D:2:      layout_basic
D:3:      layout_rooms, dreamdust_ecumenical_altar_drowned_temple,
          dk_noncrumbling_4, grunt_ministairs_10, chequers_decorated_corner,
          kennysheep_generic_room_14
D:4:      layout_loops_cross, nicolae_qazlal_eye_of_the_storm,
          mainiacjoe_overflow_paths, fountainhead
D:5:      layout_rooms, mainiacjoe_overflow_chevrons,
          mainiacjoe_overflow_small_starburst, kennysheep_mini_moat,
          minmay_temple_entry_offerings, enter_ossuary_2
D:6:      layout_basic, minmay_fire_ice_demons
D:7:      minmay_klotski, layout_loops_cross, hangedman_decor_diamond_cutter,
          minmay_fractal_squares_gapless_5, uniq_menkaure
D:8:      layout_rooms, nicolae_figureground_pulse, uniq_grum
D:9:      layout_grid_maze, mainiacjoe_overflow_six_doors_small,
          lemuel_round_altar, gammafunk_temple_overflow_wave, uniq_harold,
          uniq_maurice
D:10:     layout_irregular_city, general_overflow_altar, david_lair_generic,
          uniq_gastronok
D:11:     layout_roguey, grunt_ogre_cave, uniq_psyche
D:12:     layout_basic, erik_orc_4, minmay_rotating_lava, uniq_rupert,
          uniq_urug, uniq_josephine
Lair:1:   layout_hall_layers, infiniplex_staircase_pool
Lair:2:   layout_big_grid, minmay_swamp_entry_swarm
Lair:3:   layout_chaotic_city, spider_nest_entry_webs, grunt_megastairs_3
Lair:4:   layout_cave_pods, pond, uniq_nergalle
Lair:5:   layout_gridlike, minmay_slime_entry_oklob_enclosed
Lair:6:   gammafunk_lair_ancient_temple, layout_cave_pods,
          nicolae_lair_yak_garden

Skill      XL: |  1  2  3  4  5  6  7  8  9 10 11 12 13 14 |
---------------+-------------------------------------------+-----
Maces & Flails | 3 4 5 7 9 10 11 13 15 16 | 16.7
Fighting       | 4 5 6 7 8 9 10 11 12 | 12.3
Armour         | 4 5 6 7 8 9 10 11 12 | 12.2
Shields        | 4 5 6 7 8 9 10 11 12 | 12.3
Invocations    | 3 6 8 9 10 | 10.9

Action                   |  1- 3 |  4- 6 |  7- 9 | 10-12 | 13-15 || total
-------------------------+-------+-------+-------+-------+-------++-------
Melee: Flail             |   104 |   153 |   414 |   807 |   697 ||  2175
       Whip              |       |       |       |       |   225 ||   225
       Battleaxe         |       |       |       |       |    86 ||    86
Invok: Upheaval          |       |       |       |     2 |     6 ||     8
       Elemental Force   |       |       |       |       |     2 ||     2
       Disaster Area     |       |       |       |       |     1 ||     1
Evoke: Wand              |       |       |       |       |    16 ||    16
  Use: Scroll            |       |     8 |     4 |     1 |     2 ||    15
       Potion            |       |     2 |       |     1 |     5 ||     8
 Stab: Paralysed         |       |       |       |       |     3 ||     3
Armor: Scale mail        |    69 |    32 |       |       |       ||   101
       Chain mail        |       |    96 |   347 |   464 |   622 ||  1529
       Skin              |       |       |       |     4 |       ||     4
Dodge: Dodged            |    65 |    90 |   223 |   430 |   544 ||  1352
       Repelled          |       |       |       |       |     6 ||     6
Block: Buckler           |    22 |    47 |   157 |   486 |   583 ||  1295
       Other             |       |       |       |       |    24 ||    24

Table legend: (Time is in decaauts)
 A = Elapsed time spent in this place.
 B = Non-inter-level travel time spent in this place.
 C = Inter-level travel time spent in this place.
 D = Time resting spent in this place.
 E = Time spent auto-exploring this place.
 F = Levels seen in this place.
 G = Mean time per level.
                   A        B        C        D        E       F      G
               +--------+--------+--------+--------+--------+-----+--------+
         Total |  21358 |  20492 |    866 |   3907 |  12635 |  19 | 1124.1 |
       Dungeon |  12651 |  12196 |    455 |   2730 |   7252 |  12 | 1054.2 |
          Lair |   8013 |   7602 |    411 |   1029 |   5124 |   6 | 1335.5 |
       Ossuary |    693 |    693 |      0 |    148 |    258 |   1 |  693.0 |
               +--------+--------+--------+--------+--------+-----+--------+

Top non-repeatable levels by time:
  Lair:5: 2028 daAuts
    D:10: 1733 daAuts
  Lair:6: 1604 daAuts
    D:12: 1554 daAuts
  Lair:4: 1312 daAuts
  Lair:3: 1195 daAuts
     D:8: 1152 daAuts
     D:9: 1116 daAuts
     D:4: 1114 daAuts
     D:6: 1088 daAuts
  Lair:2: 1054 daAuts
     D:1: 961 daAuts
     D:7: 847 daAuts
     D:5: 835 daAuts
    D:11: 817 daAuts
